 Dungeon Crawl Stone Soup version 0.25-a0-558-g78a2afb0af (webtiles) character file.

Game seed: 16714933754589625561, levelgen mode: classic

19413 EnegeticOcto the Cleaver (level 12, 0/116 HPs)
             Began as a Deep Dwarf Fighter on Feb 24, 2020.
             Was a High Priest of Makhleb.
             Slain by a skeletal warrior
             ... wielding a +0 dire flail
             ... led by a skeletal warrior
              (2 damage)
             ... on level 12 of the Dungeon.
             The game lasted 00:07:49 (7049 turns).

EnegeticOcto the Cleaver (Deep Dwarf Fighter)       Turns: 7049, Time: 00:07:50

Health: 0/116      AC: 12    Str: 24    XL:     12   Next: 36%
Magic:  2/2        EV: 13    Int: 11    God:    Makhleb [*****.]
Gold:   635        SH:  0    Dex: 12    Spells: 11/11 levels left

rFire    + . .     SeeInvis +   I - +6 battleaxe of Past Mistakes {venom, rF+ Int+3}
rCold    . . .     Gourm    .   (shield currently unavailable)
rNeg     . . .     Faith    .   x - +1 chain mail
rPois    .         Spirit   .   (helmet restricted)
rElec    .         Reflect  .   (no cloak)
rCorr    .         Harm     .   (no gloves)
MR       ++...                  (no boots)
Stlth    ..........             (no amulet)
HPRegen  0.00/turn              i - ring of see invisible
MPRegen  0.08/turn              F - ring of Qiapt {+Blink MR+ EV+1}

@: non-regenerating
A: damage resistance, heal wounds, horns 1, sense surroundings 2, weak 1, no
regeneration
a: Heal Wounds, Minor Destruction, Lesser Servant of Makhleb, Major Destruction,
Greater Servant of Makhleb, Renounce Religion, Evoke Blink


You were on level 12 of the Dungeon.
You worshipped Makhleb.
Makhleb was extremely pleased with you.
You were not hungry.

You visited 2 branches of the dungeon, and saw 13 of its levels.
You also visited: Sewer.

You collected 689 gold pieces.
You spent 54 gold pieces at shops.

Inventory:

Hand Weapons
 a - a +1 battleaxe of freezing
 w - a +2 vorpal battleaxe
 I - the +6 battleaxe of Past Mistakes (weapon) {venom, rF+ Int+3}
   (You took it off an orc priest on level 11 of the Dungeon)

   It poisons the flesh of those it strikes.
   It affects your intelligence (+3).
   It protects you from fire.
Missiles
 C - 2 throwing nets (quivered)
Armour
 x - a +1 chain mail (worn)
Jewellery
 c - an uncursed ring of flight {unknown}
 i - a ring of see invisible (left hand)
 F - the ring of Qiapt (right hand) {+Blink MR+ EV+1}
   (You took it off an orc priest on level 11 of the Dungeon)

   [ring of evasion]

   It affects your evasion (+1).
   It affects your resistance to hostile enchantments.
   It lets you blink.
Wands
 b - a wand of digging (6) {@v2}
 A - a wand of polymorph (17)
 G - a wand of flame (6)
Scrolls
 f - 9 scrolls of identify {@r1}
 h - a scroll of holy word {unknown}
 m - 3 scrolls of magic mapping {@r5}
 o - 2 scrolls of fog
 s - 8 scrolls of teleportation {@r2}
 t - a scroll of blinking {@r3}
 u - 2 scrolls of enchant weapon
 v - 2 scrolls of random uselessness {unknown}
 y - a scroll of enchant armour
 E - a scroll of immolation {@r4}
 H - 2 scrolls of remove curse {@r6}
 J - a scroll of silence {unknown}
Potions
 d - 2 potions of heal wounds {@q2}
 g - 4 potions of flight
 j - a potion of stabbing {@q5}
 k - 4 potions of might {@q3}
 l - a potion of degeneration {unknown}
 n - a potion of haste {@q4}
 q - 5 potions of brilliance
 r - a potion of cancellation
 z - 4 potions of curing {@q1}
 B - a potion of invisibility
Comestibles
 e - 13 rations
 p - 9 chunks of flesh


   Skills:
 * Level 10.2 Fighting
 * Level 11.6 Axes
 + Level 8.9 Armour
 + Level 8.0 Dodging
   Level 8.1 Shields
 + Level 9.2 Invocations


You had 11 spell levels left.
You didn't know any spells.
Your spell library was empty.

Dungeon Overview and Level Annotations

Branches:
Dungeon (12/15)            Temple (1/1) D:4            Lair (0/6) D:9
    Orc (0/2) D:10          Sewer (visited)

Altars:
Ashenzari
Cheibriados
Dithmenos
Elyvilon
Gozag
Kikubaaqudgha
Makhleb
Nemelex Xobeh
Qazlal
Sif Muna
Trog
Vehumet
Wu Jian
Xom
Yredelemnul
Zin
The Shining One
Jiyva

Shops:
D:4 *   D:5 [   D:10 :

Annotations:
D:4 2 transporters
D:5 1 runed translucent door, Ratty's ghost, novice MiFi
D:9 1 exclusion
D:11 exclusions: downstairs and obsidian statue


Innate Abilities, Weirdness & Mutations

You are resistant to damage.
You can heal yourself by infusing magical energy.
You passively map the area around you.
You do not regenerate.
You have a pair of small horns on your head.
You are weak. (Str -2)


Message History

The stone barely misses you.
You feel much better.
The skeletal warrior barely misses you. x2
The skeletal warrior hits you with a +0 long sword!
* * * LOW HITPOINT WARNING * * *
You feel much better.
The skeletal warrior hits you with a +0 dire flail.
You feel much better.
The skeletal warrior hits you with a +0 long sword!
The skeletal warrior hits you but does no damage. x2
A meliai zombie comes into view.
You feel much better.
The skeletal warrior closely misses you.
The skeletal warrior hits you but does no damage.
The skeletal warrior closely misses you.
You feel much better. The skeletal warrior misses you.
The skeletal warrior hits you with a +0 long sword.
The skeletal warrior hits you but does no damage.
Your health is already full.
Your health is already full.
You barely miss the skeletal warrior.
The skeletal warrior is moderately damaged.
You hit the skeletal warrior. You closely miss the skeletal warrior.
You slice the skeletal warrior!! The skeletal warrior barely misses you.
The skeletal warrior hits you but does no damage.
The skeletal warrior hits you with a +0 dire flail!
The skeletal warrior hits you but does no damage.
You slash the skeletal warrior!
The skeletal warrior is heavily damaged.
You hit the skeletal warrior.
You hit the skeletal warrior but do no damage. x2
The skeletal warrior hits you but does no damage.
The skeletal warrior hits you with a +0 long sword.
The skeletal warrior hits you with a +0 dire flail.
The skeletal warrior hits you with a +0 dire flail!
You hit the skeletal warrior but do no damage.
The skeletal warrior is heavily damaged.
You hit the skeletal warrior but do no damage.
You slash the skeletal warrior! You hit the meliai zombie.
You slash the skeletal warrior!
The meliai zombie hits you but does no damage. x2
The skeletal warrior hits you with a +0 dire flail!!
The skeletal warrior hits you with a +0 long sword!
The skeletal warrior hits you with a +0 dire flail.
The skeletal warrior hits you with a +0 long sword!!
The meliai zombie hits you. The meliai zombie barely misses you.
You slash the skeletal warrior!
You headbutt the skeletal warrior, but do no damage.
The skeletal warrior is severely damaged.
You closely miss the skeletal warrior.
You hit the skeletal warrior but do no damage.
You closely miss the meliai zombie. You hit the skeletal warrior.
The meliai zombie barely misses you. The meliai zombie hits you.
The skeletal warrior closely misses you.
The skeletal warrior hits you but does no damage.
The skeletal warrior hits you with a +0 long sword.
The meliai zombie hits you. The meliai zombie closely misses you.
The skeletal warrior misses you.
Your chain mail prevents you from hitting the skeletal warrior.
The skeletal warrior is severely damaged.
You barely miss the skeletal warrior. You slash the meliai zombie!
You hit the skeletal warrior.
Your chain mail prevents you from hitting the skeletal warrior.
The meliai zombie barely misses you. x2; The skeletal warrior misses you.
The skeletal warrior barely misses you.
The skeletal warrior hits you but does no damage.
The meliai zombie misses you. The meliai zombie hits you.
The skeletal warrior hits you but does no damage.
You are too injured to fight recklessly!
You are too injured to fight recklessly!
You are too injured to fight recklessly!
You are too injured to fight recklessly!
You are too injured to fight recklessly!
You are too injured to fight recklessly!
You are too injured to fight recklessly!
You are too injured to fight recklessly!
A demon appears!
The meliai zombie hits you but does no damage. x2
The skeletal warrior hits you with a +0 dire flail!
* * * LOW HITPOINT WARNING * * *
The skeletal warrior hits you with a +0 dire flail.
* * * LOW HITPOINT WARNING * * *
A demon appears!
The meliai zombie hits you but does no damage. x2
The skeletal warrior barely misses you. x2; The meliai zombie hits you.
* * * LOW HITPOINT WARNING * * *
The meliai zombie closely misses you.
The skeletal warrior hits you with a +0 dire flail!!
* * * LOW HITPOINT WARNING * * *
The skeletal warrior misses you.
Your hellwing hits the meliai zombie! Your hellwing hits the meliai zombie.
You feel much better. The meliai zombie barely misses you. x2
The skeletal warrior hits you but does no damage.
The skeletal warrior hits you with a +0 long sword!!
* * * LOW HITPOINT WARNING * * *
The meliai zombie hits you but does no damage.
The meliai zombie barely misses you.
Your hellwing hits the meliai zombie. x2
The skeletal warrior hits you with a +0 dire flail!
* * * LOW HITPOINT WARNING * * *
The skeletal warrior hits you with a +0 dire flail.
You die...

### ### ###########* #.#
#.# #.........^ #.# #.#
#..........* * #.# #.#
#........!. *, #.# #.#
#.......... *
##.#####.#####.(.z......
**
................@z......
*
##.#####.#####.Zzz4.....
,,, , #.# #.#
#.4........ #.# #.#
#.........., ,, #.# #.#
#.......... ,,, #3# #.#
#..........
##.#####.###*#>.........
, ............
........... ,
####.#######* * , ,


You could see 4 skeletal warriors, a meliai zombie and 2 friendly hellwings.

Vanquished Creatures
  2 hydras (D:12)
  A catoblepas (D:12)
  3 two-headed ogres
  Urug (D:10)
  A necromancer (D:12)
  An orc knight (D:12)
  A cyclops (D:11)
  3 manticores (D:12)
  Psyche (D:10)
  An efreet (D:12)
  3 trolls
  2 slime creatures
  3 hippogriffs (D:8)
  Sigmund (D:5)
  A wraith (D:10)
  10 yaks (D:9)
  Grum (D:9)
  Eustachio (D:4)
  3 hungry ghosts
  A water moccasin (D:8)
  Duvessa (D:5)
  An acid dragon (D:12)
  6 orc warriors
  2 sky beasts
  Purgy (Sewer)
  An ice beast (D:10)
  2 black bears
  A black bear (shapeshifter) (D:8)
  A necrophage (D:5)
  2 wolves (D:9)
  5 centaurs
  11 ogres
  A crocodile (D:10)
  5 big kobolds
  11 bullfrogs
  2 wyvern skeletons
  4 scorpions
  Dowan (D:5)
  8 killer bees (D:10)
  11 wights
  3 crimson imps
  3 centaur zombies
  A centaur skeleton (D:5)
  18 orc wizards
  10 orc priests
  A bullfrog skeleton (D:8)
  9 hounds
  4 jellies
  4 iguanas
  9 worker ants
  3 hound skeletons
  A mummy (D:6)
  4 gnolls (D:9)
  A howler monkey skeleton (D:4)
  9 adders
  2 shadow imps
  6 oozes
  2 worms
  A dart slug (D:4)
  12 leopard geckos
  52 orcs
  4 giant cockroaches
  A goblin (D:3)
  A hobgoblin (D:1)
  14 jackals
  A quokka (D:8)
  A bat (D:1)
  5 frilled lizards (Sewer)
  16 kobolds
  A quokka skeleton (D:8)
  3 rats
320 creatures vanquished.

Vanquished Creatures (collateral kills)
  A deep elf mage (D:12)
  2 slime creatures (D:12)
3 creatures vanquished.

Vanquished Creatures (others)
  A shadow (D:12)
1 creature vanquished.

Grand Total: 324 creatures vanquished

Notes
Turn   | Place    | Note
-------+----------+-------------------------------------------
     0 | D:1      | EnegeticOcto the Deep Dwarf Fighter began the quest for the
                  | Orb.
     0 | D:1      | Reached XP level 1. HP: 20/20 MP: 1/1
    81 | D:3      | Noticed a crimson imp
    84 | D:3      | Reached XP level 2. HP: 24/27 MP: 2/2
   137 | D:3      | Killed a crimson imp
   137 | D:3      | Reached skill level 3 in Axes
   137 | D:3      | Reached skill level 1 in Dodging
   137 | D:3      | Reached XP level 3. HP: 27/34 MP: 3/3
   164 | D:3      | Reached XP level 4. HP: 30/42 MP: 4/4
   298 | D:3      | Found a glowing golden altar of the Shining One.
   409 | D:4      | Noticed Eustachio
   419 | D:4      | Reached XP level 5. HP: 46/49 MP: 5/5
   441 | D:4      | Found a staircase to the Ecumenical Temple.
   468 | D:4      | Killed Eustachio
   468 | D:4      | Reached skill level 4 in Axes
   468 | D:4      | Reached XP level 6. HP: 23/57 MP: 6/6
   478 | Temple   | Entered the Ecumenical Temple
   592 | Temple   | Became a worshipper of Makhleb the Destroyer
   678 | D:4      | Found a transporter.
   723 | D:4      | Found Juekliem's Assorted Antiques.
   733 | D:4      | Bought a scroll labeled HIOCYB NOMAU for 27 gold pieces
   906 | D:4      | Found a glowing drain.
   913 | Sewer    | Entered a sewer
  1008 | Sewer    | Noticed Purgy
  1016 | Sewer    | Killed Purgy
  1016 | Sewer    | Reached skill level 1 in Invocations
  1299 | D:4      | Reached XP level 7. HP: 45/66 MP: 7/7
  1360 | D:4      | Reached * piety under Makhleb
  1364 | D:4      | Found a transporter.
  1516 | D:4      | Found a stormy altar of Qazlal.
  1582 | D:5      | Entered Level 5 of the Dungeon
  1618 | D:5      | Found a sparkling altar of Nemelex Xobeh.
  1722 | D:5      | Reached skill level 5 in Axes
  1897 | D:5      | Found a runed translucent door.
  1897 | D:5      | Noticed Sigmund
  1907 | D:5      | Killed Sigmund
  1907 | D:5      | Reached skill level 5 in Fighting
  1920 | D:5      | Noticed Ratty's ghost (novice MiFi)
  1920 | D:5      | Noticed a manticore
  1944 | D:5      | Found Jered's Antique Armour Shoppe.
  1973 | D:5      | Noticed Dowan
  1974 | D:5      | Noticed Duvessa
  1978 | D:5      | Killed Dowan
  1978 | D:5      | Reached XP level 8. HP: 74/74 MP: 7/9
  1985 | D:5      | Reached skill level 5 in Armour
  1996 | D:5      | Killed Duvessa
  1996 | D:5      | Reached skill level 5 in Shields
  1998 | D:5      | Reached skill level 6 in Axes
  2321 | D:6      | Reached ** piety under Makhleb
  2335 | D:6      | Found an ornate altar of the Wu Jian Council.
  2345 | D:6      | Found a basalt altar of Yredelemnul.
  2450 | D:4      | Bought a scroll labeled PAIVEH IRAWOST for 27 gold pieces
  2572 | D:6      | Found a white marble altar of Elyvilon.
  2577 | D:6      | Gained mutation: Your body sometimes deteriorates upon
                  | taking damage. [potion of mutation]
  2577 | D:6      | Gained mutation: You have a pair of small horns on your
                  | head. [potion of mutation]
  2670 | D:6      | Gained mutation: You passively map the area around you.
                  | [Deep Dwarf growth]
  2670 | D:6      | Reached XP level 9. HP: 34/82 MP: 9/9
  2683 | D:6      | Reached skill level 7 in Axes
  2778 | D:6      | Found a snail-covered altar of Cheibriados.
  3051 | D:7      | Found a shadowy altar of Dithmenos.
  3637 | D:8      | Reached skill level 5 in Invocations
  3690 | D:8      | Reached skill level 5 in Dodging
  3865 | D:8      | Reached skill level 8 in Axes
  4179 | D:8      | Noticed a two-headed ogre
  4187 | D:8      | Killed a two-headed ogre
  4187 | D:8      | Reached XP level 10. HP: 94/94 MP: 10/10
  4243 | D:8      | Noticed an orb spider
  4243 | D:8      | Noticed a two-headed ogre
  4252 | D:8      | an orb spider changed into a black bear
  4275 | D:8      | Killed a two-headed ogre
  4284 | D:8      | Reached *** piety under Makhleb
  4284 | D:8      | Reached skill level 9 in Axes
  4409 | D:8      | Lost mutation: Your body sometimes deteriorates upon taking
                  | damage. [potion of mutation]
  4409 | D:8      | Lost mutation: You have a pair of small horns on your head.
                  | [potion of mutation]
  4409 | D:8      | Gained mutation: You are weak. (Str -2) [potion of
                  | mutation]
  4409 | D:8      | Gained mutation: You have a pair of small horns on your
                  | head. [potion of mutation]
  4427 | D:8      | Found a radiant altar of Vehumet.
  4559 | D:9      | Noticed Grum
  4590 | D:9      | Killed Grum
  4710 | D:9      | Noticed a two-headed ogre
  4767 | D:9      | Killed a two-headed ogre
  4767 | D:9      | Reached XP level 11. HP: 55/104 MP: 6/6
  4847 | D:9      | Found a staircase to the Lair.
  4877 | D:9      | Reached **** piety under Makhleb
  4921 | D:9      | Reached skill level 10 in Axes
  4945 | D:9      | Found a glowing golden altar of the Shining One.
  5131 | D:9      | Found a shimmering blue altar of Sif Muna.
  5372 | D:10     | Entered Level 10 of the Dungeon
  5372 | D:10     | Noticed Psyche
  5380 | D:10     | Killed Psyche
  5423 | D:10     | Found a staircase to the Orcish Mines.
  5443 | D:10     | Found Nokk's Book Shoppe.
  5496 | D:10     | Reached ***** piety under Makhleb
  5609 | D:10     | Noticed Urug
  5632 | D:10     | Killed Urug
  6066 | D:11     | Noticed a two-headed ogre
  6159 | D:11     | Identified the +6 battleaxe of Past Mistakes {venom, rF+
                  | Int+3}
  6159 | D:11     | Identified the ring of Qiapt {+Blink MR+ EV+1}
  6165 | D:11     | Noticed an obsidian statue
  6631 | D:12     | Noticed a five-headed hydra
  6647 | D:12     | Reached skill level 11 in Axes
  6653 | D:12     | Killed a nine-headed hydra
  6653 | D:12     | Reached XP level 12. HP: 29/116 MP: 6/6
  6727 | D:12     | Noticed a catoblepas
  6759 | D:12     | Killed a catoblepas
  6771 | D:12     | Reached skill level 10 in Fighting
  6861 | D:12     | Noticed a seven-headed hydra
  6883 | D:12     | Killed an 11-headed hydra
  6939 | D:12     | Found a radiant altar of Vehumet.
  7049 | D:12     | HP: 2/116 [skeletal warrior/+0 dire flail[a skeletal
                  | warrior] (12)]
  7049 | D:12     | Slain by a skeletal warrior

Levels and vault maps discovered:
D:1:      minmay_arrival_four_houses, layout_loops_ring, doesnt_xom_only_xom
D:2:      layout_rooms
D:3:      wander_river, layout_basic, nicolae_overflow_crystal_walls,
          nicolae_ru_sacrificial_ziggurat, gammafunk_temple_overflow_pools,
          uniq_ijyb
D:4:      gammafunk_steamed_eel, layout_loops_ring,
          lemuel_coloured_pillars_altar, minmay_temple_entry_junction,
          serial_shops, shop, gup_sewer_entry_bubbles,
          hangedman_abyss_or_decor_slice, uniq_eustachio
D:5:      layout_basic, nemelex_xobeh_ov_fountains_minmay, first_ration,
          ebering_ghost_inner_flame, serial_shops, shop, uniq_sigmund,
          uniq_duvessa
D:6:      layout_rooms, slow_altar_2, kennysheep_mini_moat,
          kennysheep_little_box, elyvilon_altar_4
D:7:      layout_loops_ring, old_standard_altar
D:8:      minmay_chambers_of_sevens, layout_basic, marbit_many_paths
D:9:      layout_loops_ring, led_sif_book, lair_entry_dummy, basic_altar,
          minivault_16, hangedman_little_slice_of_home, uniq_grum
D:10:     layout_rooms, orc_0_dummy, serial_shops, shop, uniq_urug, uniq_psyche
D:11:     layout_rooms, minmay_protected_statue
D:12:     minmay_connected_triangles_in_corner, layout_small_grid, basic_altar,
          enter_bailey_3
Temple:   pf_slime_end_temple

Skill      XL: |  1  2  3  4  5  6  7  8  9 10 11 12 |
---------------+-------------------------------------+-----
Fighting       | 3 4 5 6 7 8 9 10 | 10.2
Axes           | 3 4 5 6 8 9 11 | 11.6
Dodging        | 1 2 3 4 5 6 7 8 |  8.0
Armour         | 4 5 6 7 8 |  8.9
Shields        | 4 5 6 7 8 |  8.1
Invocations    | 1 2 4 5 7 8 9 |  9.2

Action                   |  1- 3 |  4- 6 |  7- 9 | 10-12 || total
-------------------------+-------+-------+-------+-------++-------
Melee: War axe           |    58 |    43 |       |       ||   101
       Hand axe          |       |   113 |   322 |   500 ||   935
       Headbutt          |       |       |    37 |   112 ||   149
       Battleaxe         |       |       |       |    93 ||    93
Invok: Lesser Servant of |       |       |       |     4 ||     4
 Abil: Heal Wounds       |     1 |     4 |    10 |    51 ||    66
Evoke: Wand              |       |       |       |     4 ||     4
  Use: Scroll            |       |     3 |    12 |     7 ||    22
       Potion            |       |     1 |     1 |     2 ||     4
  Eat: Chunk             |       |     2 |    13 |    12 ||    27
       Ration            |       |       |       |     2 ||     2
Armor: Scale mail        |    36 |    45 |       |       ||    81
       Chain mail        |       |     6 |   109 |   219 ||   334
       Skin              |       |       |       |   179 ||   179
Dodge: Dodged            |    20 |    45 |    79 |   279 ||   423
Block: Kite shield       |    36 |    73 |   178 |   252 ||   539

Table legend:
 A = Non-vault XP
 B = Vault XP
 C = Vault XP percentage of total XP
 D = Non-vault monster count
 E = Vault monster count
 F = Vault count percentage of total count
                 A         B        C        D         E       F
            +---------+---------+-------+---------+---------+-------
      Total |   17298 |   10436 |  37.6 |     269 |      55 |  17.0
            +---------+---------+-------+---------+---------+-------
        D:1 |       4 |       0 |   0.0 |       3 |       0 |   0.0
        D:2 |       5 |       0 |   0.0 |       1 |       0 |   0.0
        D:3 |      97 |       0 |   0.0 |      15 |       0 |   0.0
        D:4 |     313 |     205 |  39.6 |      35 |       7 |  16.7
        D:5 |     770 |     450 |  36.9 |      20 |       3 |  13.0
        D:6 |     948 |      18 |   1.9 |      16 |       1 |   5.9
        D:7 |     916 |       0 |   0.0 |      17 |       0 |   0.0
        D:8 |    1641 |    2903 |  63.9 |      34 |      12 |  26.1
        D:9 |    5696 |     583 |   9.3 |      55 |      11 |  16.7
       D:10 |    2768 |    1235 |  30.9 |      36 |       2 |   5.3
       D:11 |    1559 |       0 |   0.0 |      26 |       0 |   0.0
       D:12 |    2581 |    4894 |  65.5 |      11 |      12 |  52.2
      Sewer |       0 |     148 | 100.0 |       0 |       7 | 100.0
            +---------+---------+-------+---------+---------+-------
